 Dungeon Crawl Stone Soup version 0.28.0 (webtiles) character file.

Game seed: 16066094819733740629

149 flotson the Chopper (level 5, -2/40 HPs)
             Began as a Demonspawn Gladiator on Feb 10, 2022.
             Slain by a kobold brigand (6 damage)
             ... on level 3 of the Dungeon.
             The game lasted 00:02:19 (2711 turns).

flotson the Chopper (Demonspawn Gladiator)          Turns: 2711, Time: 00:02:20

Health: -2/40      AC: 11    Str: 16    XL:     5   Next: 9%
Magic:  5/5        EV: 10    Int: 10    God:
Gold:   101        SH:  0    Dex: 16    Spells: 4/4 levels left

rFire   . . .      SeeInvis .   b - +0 trident
rCold   . . .      Faith    .   (no shield)
rNeg    . . .      Spirit   .   i - +0 scale mail
rPois   .          Reflect  .   c - +0 helmet
rElec   .          Harm     .   (no cloak)
rCorr   .          Rampage  .   (no gloves)
Will    .....                   (no boots)
Stlth   +.........              (no amulet)
HPRegen 0.13/turn               h - +4 ring of protection
MPRegen 0.09/turn               (no ring)

@: no status effects
A: thin skeletal structure 1, powered by death 1, weakness stinger 1
a: no special abilities


You were on level 3 of the Dungeon.
You visited 1 branch of the dungeon, and saw 3 of its levels.

You collected 101 gold pieces.

Inventory:

Hand Weapons
 a - a +0 war axe
 b - a +0 trident (weapon)
Missiles
 d - 3 throwing nets (quivered)
 l - a boomerang
Armour
 c - a +0 helmet (worn)
 i - a +0 scale mail (worn)
Jewellery
 h - a +4 ring of protection (left hand)
Scrolls
 e - 4 scrolls of identify {unknown}
 j - a scroll of amnesia {unknown}
 k - a scroll of fear {unknown}
Potions
 f - 2 potions of curing {unknown}
 g - a potion of berserk rage {unknown}


   Skills:
 + Level 2.9 Fighting
 + Level 3.3 Axes
 + Level 2.6 Throwing
 + Level 1.7 Armour
 + Level 3.3 Dodging


You had 4 spell levels left.
You didn't know any spells.
Your spell library contained the following spells:

 Spells                   Type           Power      Damage    Failure   Level
 Shock                    Conj/Air       0%         1d3       80%         1
 Swiftness                Air            0%         N/A       99%         3
 Airstrike                Air            0%         N/A       100%        4


Dungeon Overview and Level Annotations

Branches:
Dungeon (3/15)

Altars:
Fedhas
Kikubaaqudgha


Innate Abilities, Weirdness & Mutations

You have a somewhat thin skeletal structure. (Dex +2, Stealth+)
You regenerate a little health from kills.
You have a small tail.


Message History

You feel very sick.
The kobold brigand hits you but does no damage.
You hit the kobold brigand but do no damage.
The kobold brigand is lightly wounded.
You feel sick.
The kobold brigand hits you but does no damage.
You hit the kobold brigand.
The kobold brigand is moderately wounded.
You feel sick.
The kobold brigand hits you but does no damage.
You hit the kobold brigand but do no damage.
The kobold brigand is moderately wounded.
You feel sick.
The kobold brigand hits you with a +0 club.
The kobold brigand hits you with a +0 club!
You are too injured to fight recklessly!
You are too injured to fight recklessly!
You are too injured to fight recklessly!
You are too injured to fight recklessly!
You are too injured to fight recklessly!
You are too injured to fight recklessly!
You hit the kobold brigand. You tail-slap the kobold brigand.
The kobold brigand is heavily wounded.
You feel sick.
The kobold brigand completely misses you.
You completely miss the kobold brigand.
The kobold brigand is heavily wounded.
You feel sick.
The kobold brigand hits you with a +0 club.
* * * LOW HITPOINT WARNING * * *
You barely miss the kobold brigand.
The kobold brigand is heavily wounded.
You feel sick.
You are no longer poisoned.
The kobold brigand hits you with a +0 club.
* * * LOW HITPOINT WARNING * * *
You barely miss the kobold brigand.
The kobold brigand is heavily wounded.
The kobold brigand hits you with a +0 club.
You die...

#.........#
##.........#
#..........#
#.##########
#.# #.#
###.#######.#
#○...§#.K...#
...#.....#@#
......._....#
#####.....#...#
#°...§#...#
###.#####...
#... .### .....
.# #.###. # ..


You could see a kobold brigand.

Vanquished Creatures
  A necrophage (D:3)
  An adder (D:2)
  A worm (D:2)
  A dart slug (D:1)
  5 orcs (D:3)
  7 ball pythons
  An endoplasm (D:2)
  2 giant cockroaches
  4 hobgoblins
  4 jackals (D:2)
  A quokka (D:1)
  3 bats
  3 goblins
  5 kobolds
  2 rats (D:1)
41 creatures vanquished.

Vanquished Creatures (others)
  A frilled lizard (D:3)
  2 fungi (D:2)
  9 plants (D:2)
12 creatures vanquished.

Grand Total: 53 creatures vanquished

Notes
Turn   | Place    | Note
-------+----------+-------------------------------------------
     0 | D:1      | flotson the Demonspawn Gladiator began the quest for the
                  | Orb.
     0 | D:1      | Reached XP level 1. HP: 16/16 MP: 1/1
   436 | D:1      | Gained mutation: You have a small tail. [demonic ancestry]
   436 | D:1      | Reached XP level 2. HP: 22/22 MP: 2/2
  1485 | D:2      | Reached XP level 3. HP: 26/28 MP: 3/3
  1679 | D:2      | Found a blossoming altar of Fedhas.
  1704 | D:2      | Reached skill level 1 in Armour
  2308 | D:2      | Found a faded altar of an unknown god.
  2355 | D:3      | Noticed a necrophage
  2369 | D:3      | Killed a necrophage
  2370 | D:3      | Gained mutation: You regenerate a little health from kills.
                  | [demonic ancestry]
  2370 | D:3      | Reached XP level 4. HP: 13/34 MP: 4/4
  2370 | D:3      | Gained mutation: You have a somewhat thin skeletal
                  | structure. (Dex +2, Stealth+) [demonic ancestry]
  2370 | D:3      | Reached XP level 5. HP: 15/40 MP: 5/5
  2690 | D:3      | Found an ancient bone altar of Kikubaaqudgha.
  2711 | D:3      | Slain by a kobold brigand

Illustrated notes

Levels and vault maps discovered:
D:1:      amcnicky_arrival_flooded_fountain, layout_basic, minmay_tetromino_o2
D:2:      layout_loops_ring, shapermc_ecumenical_altar_hornbeckon, basic_altar,
          minivault_4, skrybe_limestone_x
D:3:      layout_basic, nicolae_kikubaaqudgha_miasma_corner,
          palyth_stone_intersect, minmay_misc_feat_encased,
          minmay_misc_feat_more_columns

Skill      XL: |  1  2  3 |
---------------+----------+-----
Throwing       | 2 |  2.6
Axes           | 3 |  3.3
Dodging        | 3 |  3.3
Armour         | 1 |  1.7
Fighting       | |  2.9

Action                   |  1- 3 |  4- 6 || total
-------------------------+-------+-------++-------
Melee: War axe           |    83 |       ||    83
       Tailslap          |     8 |     4 ||    12
       Trident           |    17 |    24 ||    41
       Punch             |     1 |       ||     1
Armor: Leather armour    |    26 |       ||    26
       Scale mail        |     4 |     8 ||    12
Dodge: Dodged            |    62 |     7 ||    69
